[ AOE2 MATCH · #494404723 ]
UnrankedSicilians vs Byzantines
Player's team · LOSS
Rival team · WIN
[ REPLAY ANALYSIS · EXTRACTED FROM THE RECORDED GAME ]
Feudal
22:33
Castle
—
Imperial
—
| APM avg | 34.6 |
| APM peak | 69 |
| eAPM avg | 17.2 |
| Villagers / military | 51 / 13 |
Focus
⚔️ 24.5% · 🌾 75.5%
Archer ×7 · Scout Cavalry ×6
Feudal
12:40
Castle
—
Imperial
—
| APM avg | 20.0 |
| APM peak | 54 |
| eAPM avg | 6.7 |
| Villagers / military | 31 / 0 |
Focus
⚔️ 20.7% · 🌾 79.3%
Match map
Initial resources + every placement click. Lines = walls · curves = elevation contours. ◆ gold · ⬟ stone · ● berries · ✦ relic · ◌ wall gap
Your base· Open — 5t gap
Walrus's base· Open — 5t gap
Smoothed initial terrain · ◌ = detected wall gap · hover for details
Inputs per minute
— Pelantaro - - Walrus
Build order — Pelantaro
134 actions detected in the replay
| 0:00 | Create | Villager (Male) |
| 0:00 | Create | Villager (Male) |
| 0:01 | Create | Villager (Male) |
| 0:02 | Build | House |
| 0:03 | Build | House |
| 0:37 | Create | Villager (Male) |
| 1:34 | Create | Villager (Male) |
| 1:56 | Build | Lumber Camp |
| 1:57 | Create | Villager (Male) |
| 1:57 | Create | Villager (Male) |
| 2:34 | Create | Villager (Male) |
| 2:34 | Create | Villager (Male) |
| 2:35 | Create | Villager (Male) |
| 3:27 | Build | House |
| 3:39 | Create | Villager (Male) |
| 3:44 | Create | Villager (Male) |
| 4:15 | Create | Villager (Male) |
| 4:17 | Create | Villager (Male) |
| 4:18 | Create | Villager (Male) |
| 5:37 | Research | Loom |
| 6:01 | Create | Villager (Male) |
| 6:12 | Build | House |
| 6:24 | Create | Villager (Male) |
| 6:33 | Build | Mill |
| 6:37 | Create | Villager (Male) |
| 7:18 | Build | Town Center |
| 8:01 | Create | Villager (Male) |
| 9:07 | Create | Villager (Male) |
| 9:07 | Create | Villager (Male) |
| 10:18 | Create | Villager (Male) |
| 10:18 | Create | Villager (Male) |
| 11:00 | Create | Villager (Male) |
| 11:12 | Build | House |
| 11:19 | Build | House |
| 12:07 | Create | Villager (Male) |
| 12:08 | Create | Villager (Male) |
| 12:08 | Create | Villager (Male) |
| 14:53 | Build | Palisade Wall |
| 15:03 | Build | House |
| 15:21 | Build | Town Center |
| 15:30 | Build | Palisade Wall |
| 15:53 | Build | House |
| 15:57 | Build | House |
| 16:00 | Build | House |
| 16:06 | Build | House |
| 16:12 | Build | House |
| 16:20 | Build | Palisade Gate |
| 16:48 | Create | Villager (Male) |
| 16:48 | Create | Villager (Male) |
| 16:49 | Create | Villager (Male) |
| 17:26 | Build | Mill |
| 17:40 | Create | Villager (Male) |
| 17:40 | Create | Villager (Male) |
| 18:03 | Build | Mill |
| 18:45 | Build | House |
| 19:34 | Create | Villager (Male) |
| 20:23 | Research | Feudal Age |
| 20:50 | Build | Outpost |
| 20:52 | Build | Outpost |
| 20:55 | Build | Outpost |
| 20:57 | Build | Outpost |
| 21:00 | Build | Outpost |
| 21:03 | Build | Outpost |
| 22:28 | Build | Lumber Camp |
| 22:33 | Age | Feudal Age |
| 22:51 | Build | Mining Camp |
| 23:15 | Create | Villager (Male) |
| 23:15 | Create | Villager (Male) |
| 23:54 | Build | Lumber Camp |
| 23:59 | Create | Villager (Male) |
| 24:13 | Research | Town Watch |
| 24:25 | Create | Villager (Male) |
| 24:47 | Build | Barracks |
| 25:22 | Create | Villager (Male) |
| 25:28 | Build | Archery Range |
| 25:43 | Create | Villager (Male) |
| 25:43 | Create | Villager (Male) |
| 26:05 | Create | Archer |
| 26:05 | Create | Archer |
| 26:08 | Build | Stable |
| 26:46 | Create | Villager (Male) |
| 26:51 | Build | Mining Camp |
| 27:02 | Create | Archer |
| 27:05 | Create | Scout Cavalry |
| 27:10 | Build | Outpost |
| 27:26 | Build | Archery Range |
| 27:30 | Create | Villager (Male) |
| 27:30 | Create | Villager (Male) |
| 27:57 | Build | Farm |
| 28:07 | Create | Scout Cavalry |
| 28:12 | Build | Outpost |
| 28:27 | Build | Outpost |
| 28:49 | Create | Archer |
| 28:49 | Create | Archer |
| 28:54 | Build | Farm |
| 28:54 | Build | Farm |
| 28:55 | Create | Villager (Male) |
| 28:55 | Create | Villager (Male) |
| 28:55 | Create | Villager (Male) |
| 29:07 | Build | Outpost |
| 29:14 | Build | Outpost |
| 29:16 | Build | Outpost |
| 29:18 | Build | Outpost |
| 29:30 | Build | Farm |
| 29:30 | Create | Villager (Male) |
| 29:38 | Create | Scout Cavalry |
| 29:38 | Create | Scout Cavalry |
| 29:54 | Build | House |
| 29:56 | Build | House |
| 29:57 | Build | House |
| 30:03 | Build | Farm |
| 30:39 | Create | Archer |
| 30:39 | Create | Archer |
| 31:13 | Build | Outpost |
| 31:30 | Create | Villager (Male) |
| 31:30 | Create | Villager (Male) |
| 31:38 | Build | Market |
| 31:42 | Build | Blacksmith |
| 31:57 | Create | Scout Cavalry |
| 31:57 | Create | Scout Cavalry |
| 32:08 | Build | Outpost |
| 32:11 | Build | Farm |
| 32:12 | Build | Farm |
| 32:12 | Build | Farm |
| 32:12 | Build | Farm |
| 32:13 | Create | Villager (Male) |
| 32:13 | Create | Villager (Male) |
| 32:32 | Build | Farm |
| 32:51 | Research | Castle Age |
| 32:53 | Research | Double-Bit Axe |
| 33:02 | Build | Farm |
| 33:26 | Build | Outpost |
| 33:42 | Build | Outpost |
| 34:00 | Build | Mining Camp |
Build order — Walrus
43 actions detected in the replay
| 0:00 | Create | Villager (Male) |
| 0:01 | Create | Villager (Male) |
| 0:01 | Create | Villager (Male) |
| 0:03 | Build | House |
| 0:05 | Build | House |
| 0:44 | Create | Villager (Male) |
| 0:44 | Create | Villager (Male) |
| 1:30 | Create | Villager (Male) |
| 1:30 | Create | Villager (Male) |
| 1:56 | Build | Lumber Camp |
| 2:10 | Create | Villager (Male) |
| 2:10 | Create | Villager (Male) |
| 2:10 | Create | Villager (Male) |
| 2:23 | Create | Villager (Male) |
| 3:05 | Create | Villager (Male) |
| 3:05 | Create | Villager (Male) |
| 3:36 | Create | Villager (Male) |
| 3:36 | Create | Villager (Male) |
| 3:36 | Create | Villager (Male) |
| 3:56 | Create | Villager (Male) |
| 3:56 | Create | Villager (Male) |
| 4:47 | Create | Villager (Male) |
| 4:48 | Create | Villager (Male) |
| 4:48 | Create | Villager (Male) |
| 5:08 | Build | House |
| 5:12 | Research | Loom |
| 5:32 | Build | Palisade Wall |
| 6:06 | Create | Villager (Male) |
| 6:06 | Create | Villager (Male) |
| 6:07 | Create | Villager (Male) |
| 6:09 | Create | Villager (Male) |
| 7:11 | Create | Villager (Male) |
| 7:12 | Create | Villager (Male) |
| 8:30 | Create | Villager (Male) |
| 8:31 | Create | Villager (Male) |
| 8:34 | Research | Loom |
| 8:38 | Create | Villager (Male) |
| 8:39 | Research | Loom |
| 9:45 | Build | Mill |
| 10:30 | Research | Feudal Age |
| 10:55 | Create | Villager (Male) |
| 12:05 | Build | House |
| 12:40 | Age | Feudal Age |
Match timeline
| 5:32 | Walrus · wall_segment Palisade Wall x1 |
| 12:40 | Walrus · age_up feudal |
| 14:53 | Pelantaro · wall_segment Palisade Wall x12 |
| 15:30 | Pelantaro · wall_segment Palisade Wall x1 |
| 22:33 | Pelantaro · age_up feudal |
| 24:47 | Pelantaro · first_building Barracks |
| 25:28 | Pelantaro · first_building Archery Range |
| 26:08 | Pelantaro · first_building Stable |
| 32:41 | Pelantaro · first_market_sell 500 wood |
| 32:43 | Pelantaro · first_market_buy 500 food |
[ AI ANALYSIS · 1 CREDIT ]
What really happened in this match?
Wolo.gg analyzes every decision: build order, eco, micro, common mistakes by bracket. Personalized analysis on WhatsApp or Discord in 30 seconds.
Civ guide
Sicilians
Perfil
Pelantaro